 Dungeon Crawl Stone Soup version 0.21-a0-633-g4c047d5 (webtiles) character file.

1073 Alarkh the Magician (level 8, -3/46 HPs)
             Began as an Octopode Wizard on Dec 28, 2017.
             Was an Initiate of Gozag.
             Slain by teukkam's ghost (15 damage)
             ... on level 6 of the Dungeon.
             The game lasted 00:10:24 (7862 turns).

Alarkh the Magician (Octopode Wizard)               Turns: 7862, Time: 00:10:25

Health: -3/46      AC:  1    Str:  5 (7)  XL:     8   Next: 29%
Magic:  9/17       EV: 13    Int: 21 (22) God:    Gozag
Gold:   214        SH:  0    Dex:  9 (10) Spells: 7/19 levels left

rFire    . . .     SeeInvis .   a - +0 falchion
rCold    . . .     Gourm    .   (no shield)
rNeg     . . .     Faith    .   o - +0 hat
rPois    .         Spirit   .   (no amulet)
rElec    .         Reflect  .   i - ring of resist corrosion (curse)
rCorr    +         Harm     .   (no ring)
MR       .....                  (no ring)
Stlth    +++.......             (no ring)
HPRegen  0.15/turn              (no ring)
MPRegen  0.15/turn              (no ring)
                                (no ring)
                                (no ring)

@: flying
A: almost no armour, stealthy swim, amphibious, 8 rings, constrict 8, camouflage
1, gelatinous body 1
a: Potion Petition, Call Merchant, Bribe Branch, Renounce Religion


You were on level 6 of the Dungeon.
You worshipped Gozag.
Gozag was aware of your devotion.
You were not hungry.

You visited 2 branches of the dungeon, and saw 7 of its levels.

You collected 307 gold pieces.
You paid 93 gold pieces to Gozag.

Inventory:

Hand Weapons
 a - a +0 falchion (weapon)
 j - a +0 dagger
 k - a -2 spear
Armour
 o - a +0 hat (worn)
Jewellery
 i - a cursed ring of resist corrosion (left tentacle)
Wands
 h - a wand of digging (21)
 q - a wand of random effects (21)
 v - a wand of acid (8)
Scrolls
 d - a scroll of magic mapping {unknown}
 e - a scroll of identify
 p - a scroll of blinking {unknown}
 r - 2 scrolls of amnesia {unknown}
 s - a scroll of fear {unknown}
 t - a scroll of teleportation
 u - a scroll of silence {unknown}
Potions
 g - a potion of might
 w - a potion of agility {unknown}
Books
 b - a book of Minor Magic

   Spells                             Type                      Level
   a - Magic Dart                     Conjuration                  1
   b - Blink                          Translocation                2
   c - Call Imp                       Summoning                    2
   d - Slow                           Hexes                        2
   e - Conjure Flame                  Conjuration/Fire             3
   f - Mephitic Cloud                 Conjuration/Poison/Air       3
 x - a Fen Folio

   Spells                             Type                      Level
   a - Corpse Rot                     Necromancy                   2
   b - Stone Arrow                    Conjuration/Earth            3
   c - Leda's Liquefaction            Hexes/Earth                  4
   d - Summon Forest                  Summoning/Translocation      5
   e - Hydra Form                     Transmutation                6
   f - Summon Hydra                   Summoning                    7
Comestibles
 c - 5 rations


   Skills:
 + Level 3.9 Long Blades
 - Level 2.0 Dodging
 - Level 2.6 Stealth
 + Level 6.2 Spellcasting
 + Level 5.9 Conjurations
   Level 1.0 Summonings
 - Level 1.0 Translocations


You had 7 spell levels left.
You knew the following spells:

 Your Spells              Type           Power        Failure   Level  Hunger
a - Magic Dart            Conj           ####         1%          1    None
b - Blink                 Tloc           N/A          10%         2    None
c - Stone Arrow           Conj/Erth      ###...       9%          3    #......
e - Conjure Flame         Conj/Fire      ###.....     9%          3    #......
r - Mephitic Cloud        Conj/Pois/Air  ##......     13%         3    #......


Dungeon Overview and Level Annotations

Branches:
Dungeon (6/15)             Temple (1/1) D:6

Altars:
Ashenzari
Cheibriados
Dithmenos
Elyvilon
Fedhas
Gozag
Hepliaklqana
Kikubaaqudgha
Makhleb
Nemelex Xobeh
Okawaru
Qazlal
Ru
Sif Muna
Trog
Uskayaw
Vehumet
Wu Jian
Xom
Yredelemnul
Zin
The Shining One

Annotations:
D:4 Dustman's ghost, amateur BaCj; Ijyb
D:6 teukkam's ghost, novice GnWn


Innate Abilities, Weirdness & Mutations

You cannot wear most types of armour.
You are very stealthy in the water. (Stealth+)
You are amphibious.
You can wear up to eight rings at the same time.
You can use your tentacles to constrict eight enemies at once.
Your skin changes colour to match your surroundings (Stealth+).
Your rubbery body absorbs attacks. (AC +1, EV +1)


Message History

Press: ? - help, Dir - move target cursor The fire ignites!
Teukkam's ghost is engulfed in blazing flames.
You closely miss teukkam's ghost.
Teukkam's ghost is moderately damaged.
Teukkam's ghost is engulfed in blazing flames.
Teukkam's ghost says, "Try not to bleed too much."
Teukkam's ghost hits you!!
It was a potion of degeneration.
There was something very wrong with that liquid.
You feel weakened.
You feel dopey.
You feel clumsy.
Teukkam's ghost is engulfed in blazing flames.
Teukkam's ghost hits you!
It was a potion of flight.
You feel very buoyant.
You fly up into the air.
Teukkam's ghost hits you!
* * * LOW HITPOINT WARNING * * *
You feel better. Teukkam's ghost hits you!
You die...
Your body crumbles into a pile of gold.

########..###(##.#### #.#
#.###.# #..# #......$#
#.# #.# .# #..###.##.##.#
#.# #.# .# #####
#......##.# # #.# #.#
....####.##.####.# ... .#
.........##.####.######.#
###..##..##....(.....$..#
#
##$#.#..#######(########
.. #.###...# #@# ##
##.#.#.## #W# ###..##.#
#§# #.....#.# #§#### #
#.....#.# ##...# ..# ###
.....$$.# #.⌠.# ...# #..
#.....### ####...###...#.
#.# #.....#
#...........(.. ##.####
#.⌠..>..⌠....#.


You could see teukkam's ghost.

Vanquished Creatures
  A necrophage (D:6)
  2 centaurs
  Blork the orc (D:5)
  A bullfrog (D:6)
  2 scorpions (D:6)
  A crimson imp (D:6)
  2 hounds
  A jelly (D:6)
  A centaur skeleton (D:6)
  Jessica (D:2)
  2 iguanas (D:6)
  2 worker ants
  2 hound skeletons
  7 gnolls (D:2)
  11 adders
  2 shadow imps
  An ooze (D:1)
  An adder skeleton (D:4)
  An adder zombie (D:6)
  A worm (D:2)
  4 dart slugs
  2 leopard geckos (D:4)
  10 orcs
  8 bats
  A giant cockroach (D:1)
  5 hobgoblins
  14 jackals
  7 kobolds
  4 quokkas
  A ball python (D:3)
  4 frilled lizards
  5 goblins
  A leopard gecko skeleton (D:6)
  8 rats
117 creatures vanquished.

Notes
Turn   | Place    | Note
-------+----------+-------------------------------------------
     0 | D:1      | Alarkh the Octopode Wizard began the quest for the Orb.
     0 | D:1      | Reached XP level 1. HP: 11/11 MP: 4/4
   210 | D:1      | Found a shattered altar of Ashenzari.
   505 | D:1      | Reached XP level 2. HP: 15/17 MP: 6/6
  1105 | D:1      | Reached XP level 3. HP: 18/21 MP: 0/8
  1905 | D:2      | Reached XP level 4. HP: 10/27 MP: 5/9
  2139 | D:2      | Noticed Jessica
  2142 | D:2      | Killed Jessica
  2142 | D:2      | Reached skill level 4 in Spellcasting
  2669 | D:2      | Reached XP level 5. HP: 31/31 MP: 7/11
  2973 | D:2      | Learned a level 2 spell: Blink
  2977 | D:2      | Learned a level 3 spell: Conjure Flame
  2981 | D:2      | Learned a level 3 spell: Mephitic Cloud
  4156 | D:3      | Reached XP level 6. HP: 25/36 MP: 8/13
  4777 | D:4      | Noticed Ijyb
  4835 | D:4      | Noticed Dustman's ghost (amateur BaCj)
  4848 | D:5      | Entered Level 5 of the Dungeon
  5228 | D:5      | Reached skill level 1 in Long Blades
  5228 | D:5      | Reached skill level 5 in Spellcasting
  5435 | D:5      | Found a glowing silver altar of Zin.
  5650 | D:5      | Noticed Blork the orc
  5663 | D:5      | Killed Blork the orc
  5663 | D:5      | Reached XP level 7. HP: 32/41 MP: 0/14
  5821 | D:6      | Found a staircase to the Ecumenical Temple.
  5859 | Temple   | Entered the Ecumenical Temple
  6271 | Temple   | Became a worshipper of Gozag Ym Sagoz the Greedy
  6310 | D:6      | Reached skill level 5 in Conjurations
  6771 | D:6      | HP: 2/40 [something (3)]
  7165 | D:6      | Reached XP level 8. HP: 40/45 MP: 12/16
  7214 | D:6      | Reached skill level 6 in Spellcasting
  7453 | D:6      | Learned a level 3 spell: Stone Arrow
  7842 | D:6      | Noticed teukkam's ghost (novice GnWn)
  7862 | D:6      | Slain by teukkam's ghost

Vault maps used:
D:1:      minmay_arrival_glassed_features, ashenzari_altar_1
D:2:      uniq_jessica
D:3:      first_ration, serial_corexii_hall, corexii_hall_statues_deadend,
          corexii_hall_statues_i
D:4:      cheibrodos_helix_gallery, uniq_edmund, uniq_ijyb
D:5:      lemuel_crystal_altar, hangedman_decor_points, minmay_misc_feat_roman,
          nicolae_ru_the_path_less_chosen, uniq_blork_the_orc
D:6:      minmay_temple_entry_junction, minmay_divided_ellipse
Temple:   compressed_dpeg_circular_temple

Skill      XL: |  1  2  3  4  5  6  7  8 |
---------------+-------------------------+-----
Conjurations   | 2 3 4 5 |  5.9
Spellcasting   | 4 5 6 |  6.2
Long Blades    | 2 3 |  3.9
Dodging        | |  2.0
Stealth        | |  2.6
Summonings     | |  1.0
Translocations | |  1.0

Action                   |  1- 3 |  4- 6 |  7- 9 || total
-------------------------+-------+-------+-------++-------
Melee: Unarmed           |    41 |     2 |       ||    43
       Constrict         |     9 |    21 |    16 ||    46
       Tentacles         |     5 |     9 |    14 ||    28
       Dagger            |       |    45 |       ||    45
       Falchion          |       |    21 |    64 ||    85
 Cast: Magic Dart        |    49 |   126 |    85 ||   260
       Mephitic Cloud    |       |     2 |     3 ||     5
       Conjure Flame     |       |       |     4 ||     4
  Use: Scroll            |       |     7 |       ||     7
       Potion            |       |     3 |     8 ||    11
 Stab: Sleeping          |     5 |     1 |       ||     6
       Distracted        |       |       |     1 ||     1
  Eat: Chunk             |     2 |    12 |     2 ||    16
       Ration            |       |       |     2 ||     2
Armor: Skin              |       |     5 |    16 ||    21
Dodge: Dodged            |    31 |    82 |    71 ||   184
       Rpst.: Falchion   |       |    12 |    18 ||    30

Table legend:
 A = Spawn XP
 B = Non-spawn XP
 C = Spawn XP percentage of total XP
 D = Spawn monster count
 E = Non-spawn monster count
 F = Spawn count percentage of total count
 G = Total turns spent on level
                    A         B        C        D         E        F      G
               +---------+---------+-------+---------+---------+-------+---------
         Total |       0 |    1534 |   0.0 |       0 |     117 |   0.0 |  7862
               +---------+---------+-------+---------+---------+-------+---------
           D:1 |       0 |      45 |   0.0 |       0 |      20 |   0.0 |  1690
           D:2 |       0 |     203 |   0.0 |       0 |      26 |   0.0 |  1555
           D:3 |       0 |     101 |   0.0 |       0 |      22 |   0.0 |  1363
           D:4 |       0 |      21 |   0.0 |       0 |       7 |   0.0 |   240
           D:5 |       0 |     317 |   0.0 |       0 |      15 |   0.0 |   967
           D:6 |       0 |     811 |   0.0 |       0 |      26 |   0.0 |  1605
        Temple |       0 |      36 |   0.0 |       0 |       1 |   0.0 |   442
               +---------+---------+-------+---------+---------+-------+---------
